 Dungeon Crawl Stone Soup version 0.25-a0-447-gff83419037 (webtiles) character file.

Game seed: 189105853464093115, levelgen mode: deterministic

100 Laukis the Shield-Bearer (level 4, -5/28 HPs)
             Began as a Gargoyle Fighter on Jan 31, 2020.
             Killed by divine providence
             ... invoked by an orc priest
              (13 damage)
             ... on level 3 of the Dungeon.
             The game lasted 00:03:14 (1645 turns).

Laukis the Shield-Bearer (Gargoyle Fighter)         Turns: 1645, Time: 00:03:15

Health: -5/28      AC: 11    Str: 21    XL:     4   Next: 74%
Magic:  4/4        EV:  7    Int:  8    God:
Gold:   99         SH:  9    Dex:  9    Spells: 3/3 levels left

rFire    . . .     SeeInvis .   a - +0 flail
rCold    . . .     Gourm    .   c - +0 shield
rNeg     + . .     Faith    .   b - +0 scale mail
rPois    ∞         Spirit   .   (no helmet)
rElec    +         Reflect  .   l - +0 cloak
rCorr    .         Harm     .   (no gloves)
MR       .....                  (no boots)
Stlth    ..........             (no amulet)
HPRegen  0.09/turn              t - ring of flight
MPRegen  0.09/turn              (no ring)

@: no status effects
A: negative energy resistance 1, electricity resistance, unbreathing,
petrification resistance, rot immunity, AC +3
a: Evoke Flight


You were on level 3 of the Dungeon.
You were not hungry.

You visited 1 branch of the dungeon, and saw 3 of its levels.

You collected 99 gold pieces.

Inventory:

Hand Weapons
 a - a +0 flail (weapon)
Armour
 b - a +0 scale mail (worn)
 c - a +0 shield (worn)
 l - a +0 cloak (worn)
Jewellery
 p - an uncursed amulet of regeneration {unknown}
 t - a ring of flight (left hand)
Scrolls
 e - a scroll of blinking {unknown}
 g - 2 scrolls of remove curse {unknown}
 j - a scroll of fog {unknown}
 k - a scroll of amnesia {unknown}
 m - 2 scrolls of identify {unknown}
Potions
 d - 2 potions of might
 i - 2 potions of agility {unknown}
 n - a potion of mutation {unknown}
 o - a potion of flight {unknown}
 q - a potion of curing {unknown}
 r - a potion of resistance {unknown}
 s - a potion of degeneration {unknown}
Comestibles
 f - 4 rations


   Skills:
 - Level 3.2 Fighting
 * Level 3.4 Maces & Flails
 + Level 3.9 Armour
 * Level 4.4 Shields


You had 3 spell levels left.
You didn't know any spells.
Your spell library was empty.

Dungeon Overview and Level Annotations

Branches:
Dungeon (3/15)

Altars:
Ru


Innate Abilities, Weirdness & Mutations

You are resistant to torment.
Your stone body is resilient. (AC +3)
You are immune to poison.
You resist negative energy. (rN+)
You are resistant to electric shocks. (rElec)
You can survive without breathing.
You are immune to petrification.
You are immune to rotting.


Message History

You closely miss the orc.
The orc is lightly wounded.
You block the orc's attack. Something hits you but does no damage.
The orc hits you but does no damage.
You completely miss the orc.
The orc is lightly wounded.
The orc hits you but does no damage.
You hear some strange, mumbled words.
A magic dart appears from out of thin air!
The magic dart hits you. You block the orc's attack.
You hit the orc.
The orc is severely wounded.
The orc barely misses you.
The orc priest mumbles some strange prayers to Beogh against you.
Beogh smites you!
* * * LOW HITPOINT WARNING * * *
You block something's attack. The orc hits you but does no damage. x2
The orc priest calls down the wrath of Beogh upon you.
Beogh smites you!
You die...

.........
.o..... .o$..
... #o# #o# #.#
######o###
#..@.oo..#
#.##o....#
####.###....#
.......<#.#.#
####...........
####....####
######


You could see an orc priest and 3 orcs.

Vanquished Creatures
  Terence (D:2)
  2 adders (D:2)
  An ooze (D:2)
  A worm (D:1)
  A dart slug (D:1)
  2 giant cockroaches
  4 goblins (D:2)
  8 hobgoblins
  6 jackals (D:1)
  6 kobolds
  2 quokkas (D:2)
  3 bats
  A frilled lizard (D:1)
  7 rats
45 creatures vanquished.

Notes
Turn   | Place    | Note
-------+----------+-------------------------------------------
     0 | D:1      | Laukis the Gargoyle Fighter began the quest for the Orb.
     0 | D:1      | Reached XP level 1. HP: 14/14 MP: 1/1
   147 | D:1      | Reached XP level 2. HP: 19/19 MP: 2/2
   659 | D:1      | Reached XP level 3. HP: 23/23 MP: 3/3
  1006 | D:2      | Reached skill level 4 in Shields
  1107 | D:2      | Found a sacrificial altar of Ru.
  1139 | D:2      | Reached XP level 4. HP: 20/28 MP: 4/4
  1276 | D:2      | Noticed Terence
  1286 | D:2      | Killed Terence
  1645 | D:3      | Killed from afar by an orc priest

Levels and vault maps discovered:
D:1:      evilmike_arrival_run_for_it, layout_basic, hangedman_decor_slide_cut,
          minmay_misc_feat_plants
D:2:      layout_basic, nicolae_ru_awakened_eye, uniq_terence
D:3:      layout_loops_corners, kennysheep_slug_shrine, first_ration

Skill      XL: |  1  2  3 |
---------------+----------+-----
Shields        | 4 |  4.4
Maces & Flails | 3 |  3.4
Fighting       | |  3.2
Armour         | |  3.9

Action                   |  1- 3 |  4- 6 || total
-------------------------+-------+-------++-------
Melee: Flail             |   134 |    40 ||   174
  Eat: Chunk             |     1 |     2 ||     3
Armor: Scale mail        |    83 |    19 ||   102
Dodge: Dodged            |    60 |     9 ||    69
Block: Shield            |    87 |    24 ||   111

Table legend:
 A = Non-vault XP
 B = Vault XP
 C = Vault XP percentage of total XP
 D = Non-vault monster count
 E = Vault monster count
 F = Vault count percentage of total count
                 A         B        C        D         E       F
            +---------+---------+-------+---------+---------+-------
      Total |     103 |      41 |  28.5 |      43 |       2 |   4.4
            +---------+---------+-------+---------+---------+-------
        D:1 |      35 |       5 |  12.5 |      21 |       1 |   4.5
        D:2 |      68 |      36 |  34.6 |      22 |       1 |   4.3
            +---------+---------+-------+---------+---------+-------
